 Dungeon Sprint DCSS version 0.29-a0-1006-g0dd7720b37 (webtiles) character file.

Game seed: 7344736127833111270

2204 Conn the Arsonist (level 9, -8/76 HPs)
             Began as an Octopode Fire Elementalist on Aug 6, 2022.
             Was a Follower of Sif Muna.
             Engulfed by a death drake's foul pestilence (10 damage)
             ... in the Dungeon (Sprint II: "The Violet Keep of Menkaure").
             The game lasted 00:11:40 (482 turns).

Conn the Arsonist (Octopode Fire Elementalist)       Turns: 482, Time: 00:11:41

Health: -8/76      AC: 24    Str:  7    XL:     9   Next: 34%
Magic:  14/22      EV:  2    Int: 22    God:    Sif Muna [*.....]
Gold:   29         SH:  0    Dex: 12    Spells: 8/26 levels left

rFire   . . .      SeeInvis .     - Unarmed
rCold   . . .      Faith    .   (no shield)
rNeg    . . .      Spirit   .   (helmet currently unavailable)
rPois   +          Reflect  .   (no amulet)
rElec   .          Harm     .   (no ring)
rCorr   .          Rampage  .   (no ring)
Will    .....      NoTele   +   (no ring)
Stlth   ++++......              (no ring)
HPRegen 0.22/turn               (no ring)
MPRegen 0.18/turn               (no ring)
                                (no ring)
                                (no ring)

@: lethally poisoned (-8 -> -37), tree-form, very slightly contaminated
A: stationary, stasis, torment immunity, boosted hp, almost no armour,
(amphibious), 8 rings, (camouflage 1), (gelatinous body 1), (nimble swimmer 1),
(tentacles), (tentacle spike 1)
a: Renounce Religion, Channel Magic


You were in the Dungeon.
You worshipped Sif Muna.
Sif Muna was aware of your devotion.
You were a tree.
You visited 1 branch You collected 972 gold pieces.
You spent 943 gold pieces at shops.

Inventory:

Scrolls
 d - a scroll of summoning
 f - a scroll of blinking


   Skills:
 + Level 6.6 Dodging
 - Level 8.1 Stealth
 - Level 4.7 Unarmed Combat
 + Level 9.4 Spellcasting
 * Level 5.2 Conjurations
 + Level 2.1 Hexes
 * Level 4.8 Translocations
 + Level 13.7 Fire Magic
 + Level 1.2 Air Magic
 + Level 0.8 Poison Magic


You had 8 spell levels left.
You knew the following spells:

 Your Spells              Type           Power      Damage    Failure   Level
a - Foxfire               Conj/Fire      100%       2x1d9     1%          1
b - Conjure Flame         Conj/Fire      51%        6-21      1%          3
c - Inner Flame           Hex/Fire       45%        N/A       1%          3
d - Flame Wave            Conj/Fire      51%        2d13      1%          4
e - Scorch                Fire           100%       2d10      1%          2
f - Mephitic Cloud        Conj/Pois/Air  21%        N/A       7%          3
g - Blink                 Tloc           62%        N/A       1%          2

Your spell library contained the following spells:

 Spells                   Type           Power      Damage    Failure   Level
 Ignite Poison            Fire/Tmut/Pois 31%        N/A       2%          3
 Manifold Assault         Tloc           31%        N/A       24%         5
 Freezing Cloud           Conj/Ice/Air   9%         6-21      58%         5
 Storm Form               Tmut/Air       6%         N/A       100%        7


Dungeon Overview and Level Annotations

Branches:
Dungeon (1/1)

Altars:
Cheibriados
Dithmenos
Elyvilon
Fedhas
Gozag
Hepliaklqana
Kikubaaqudgha
Makhleb
Nemelex Xobeh
Okawaru
Qazlal
Ru
Sif Muna
Trog
Uskayaw
Vehumet
Wu Jian
Xom
Yredelemnul
Zin
The Shining One
Jiyva
Lugonu

Shops:
D (::*([!**!=[=[?

Annotations:
D exclusion: oklob plant


Innate Abilities, Weirdness & Mutations

You are a tree.
Your roots penetrate the ground, keeping you stationary.
You cannot be teleported.
You are immune to unholy pain and torment.
Your maximum health is greatly increased.
You cannot wear most types of armour.
((You are amphibious.))
You can wear up to eight rings at the same time.
((Your skin changes colour to match your surroundings (Stealth+).))
((Your rubbery body absorbs attacks. (AC +1, EV +1)))
((You are camouflaged when in or above water. (Stealth+)))
((You have tentacles for arms and can constrict up to eight enemies at once.))
((One of your tentacles bears a spike.))


Message History

Casting: Scorch (safe; 1% risk of failure)
Confirm with . or Enter, or press ? or * to list all spells.
Casting: Flame Wave (dangerous; 1% risk of failure)
Press: ? - help, Dir - look around, f - activate You miscast Flame Wave.
Nothing appears to happen.
You are engulfed in dark miasma.
* * * LOW HITPOINT WARNING * * *
You feel sick.
The death drake bites you but does no damage.
The yaktaur is engulfed in a cloud of scalding steam.
Flame seeps out of the yaktaur.
The swamp drake is engulfed in dark miasma.
The swamp drake seems to slow down.
The swamp drake breathes poison at you.
The noxious blast engulfs you but does no damage.
You are more poisoned.
You resist.
Casting: Flame Wave (dangerous; 1% risk of failure)
Confirm with . or Enter, or press ? or * to list all spells.
Casting: Flame Wave (dangerous; 1% risk of failure)
Press: ? - help, Dir - look around, f - activate A wave of flame ripples out!
The flame wave engulfs the death drake!
The death drake is severely wounded.
The flame wave engulfs the swamp drake!
The swamp drake is burned terribly!
You kill the swamp drake!
Sif Muna accepts your kill. (Press . to intensify the flame waves.)
You are engulfed in dark miasma.
You are lethally poisoned!
* * * LOW HITPOINT WARNING * * *
x2 You feel extremely sick.
The yaktaur is no longer more vulnerable to fire.
The death drake breathes miasma at you. The foul vapour engulfs you!
* * * LOW HITPOINT WARNING * * *
You aren't carrying any potions.
A wave of flame ripples out!
The flame wave engulfs the death drake!
The death drake is almost dead.
You are engulfed in dark miasma.
You die...

.####..## #..##.#▓(?[$()!$▓▓
###†##..# +^^#..#▓!$[![)?$▓▓
##.###..# #..#..#▓[)!=)?)?▓▓
.†##.'..####..##.#▓(?$)(?$?▓▓
##...#....###...##▓▓▓▓▓▓▓+▓▓▓▓
###.##......~c†~~~~~~~~~~...Xw
.####~~.....~#†########+###.w≈
..#~~~§~~~..~#_k_.....#SS~#
###~~~~~§~~.~#._♣_....#S§≈≈#
##~~~≈≈≈~~~~~#_._._...#~§§~≈#
~~~~~~≈≈§≈~~~#._._._..#~§~§≈≈
+++#~≈≈≈§≈§§~#_._._._.#~~§§§≈
##≈§≈###≈≈#._._._._#~§~~≈~
#≈≈#.._._._.#~~
#§≈#._._._..#~≈
≈§§≈##########~≈
######~~~~~~~~§≈≈


You could see a death drake (catching breath), a yaktaur (inner flame, confused)
and 2 water moccasins.

Vanquished Creatures
  A merfolk siren (D)
  3 polar bears (D)
  A hornet (D)
  4 neqoxecs (D)
  2 water moccasins (D)
  A swamp drake (D)
  4 scorpions (D)
  3 worms (D)
19 creatures vanquished.

Vanquished Creatures (others)
  Menkaure (D)
  71 foxfires (D)
  40 tentacles (D)
112 creatures vanquished.

Grand Total: 131 creatures vanquished

Notes
Turn   | Place    | Note
-------+----------+-------------------------------------------
     0 | D        | Conn the Octopode Fire Elementalist began the quest for the
                  | Orb.
     0 | D        | Reached XP level 1. HP: 11/11 MP: 3/3
     1 | D        | Noticed a neqoxec
     1 | D        | Noticed a neqoxec
     1 | D        | Noticed a neqoxec
     1 | D        | Noticed a neqoxec
     5 | D        | Gained mutation: One of your tentacles bears a spike. [a
                  | neqoxec]
    11 | D        | Killed a neqoxec
    12 | D        | Reached skill level 7 in Fire Magic
    12 | D        | Reached XP level 2. HP: 17/17 MP: 4/7
    12 | D        | Reached XP level 3. HP: 21/21 MP: 4/8
    12 | D        | Reached XP level 4. HP: 27/27 MP: 5/10
    12 | D        | Reached XP level 5. HP: 31/31 MP: 5/11
    15 | D        | Killed a neqoxec
    16 | D        | Reached skill level 5 in Stealth
    16 | D        | Reached skill level 1 in Unarmed Combat
    16 | D        | Reached skill level 5 in Spellcasting
    16 | D        | Reached skill level 9 in Fire Magic
    16 | D        | Reached XP level 6. HP: 36/36 MP: 5/14
    21 | D        | Killed a neqoxec
    22 | D        | Reached skill level 5 in Dodging
    22 | D        | Reached skill level 10 in Fire Magic
    25 | D        | Killed a neqoxec
    26 | D        | Reached skill level 11 in Fire Magic
    26 | D        | Reached XP level 7. HP: 32/41 MP: 6/16
    44 | D        | Learned a level 2 spell: Scorch
    48 | D        | Learned a level 3 spell: Conjure Flame
    52 | D        | Learned a level 3 spell: Inner Flame
    57 | D        | Learned a level 4 spell: Flame Wave
    58 | D        | Noticed a merfolk siren
    62 | D        | Killed a merfolk siren
    63 | D        | Reached skill level 12 in Fire Magic
    63 | D        | Reached XP level 8. HP: 23/46 MP: 2/18
   216 | D        | Killed Menkaure
   243 | D        | Found Xedy's Antique Armour Boutique.
   243 | D        | Found Wannammuz's Antique Armour Shop.
   243 | D        | Found Ilasat's Distillery.
   243 | D        | Found Buquifych's Assorted Antiques.
   244 | D        | Found Ijyoschy's Magic Scroll Shop.
   244 | D        | Found Hud Ohio's Jewellery Shop.
   244 | D        | Found Ganefruturph's General Store.
   245 | D        | Found Tomn's Distillery.
   245 | D        | Found Afrolab's Armour Boutique.
   245 | D        | Noticed a hell hog
   246 | D        | Found Bapioss's Jewellery Boutique.
   247 | D        | Found Nyapiefi's Weapon Shop.
   247 | D        | Found Pemowuf's Assorted Antiques.
   247 | D        | Noticed a hell hog
   247 | D        | Noticed an oklob plant
   248 | D        | Found Fetiuc's Book Shop.
   248 | D        | Found Dezeow's Antique Weapon Boutique.
   248 | D        | Found Rozoabiu's Book Shoppe.
   249 | D        | Noticed a fire dragon
   265 | D        | Noticed a great orb of eyes
   266 | D        | Bought a Trismegistus Codex for 364 gold pieces
   266 | D        | Bought an Inescapable Atlas for 442 gold pieces
   270 | D        | Learned a level 3 spell: Mephitic Cloud
   273 | D        | Learned a level 2 spell: Blink
   282 | D        | Bought a potion of lignification for 42 gold pieces
   287 | D        | Bought a scroll of summoning for 95 gold pieces
   292 | D        | Reached skill level 1 in Translocations
   305 | D        | Noticed an ice statue
   332 | D        | Found an iron altar of Okawaru.
   332 | D        | Found a radiant altar of Vehumet.
   332 | D        | Found a glowing silver altar of Zin.
   333 | D        | Found a sparkling altar of Nemelex Xobeh.
   333 | D        | Found a hide-covered altar of Uskayaw.
   333 | D        | Found a basalt altar of Yredelemnul.
   334 | D        | Found an opulent altar of Gozag.
   334 | D        | Found a burning altar of Makhleb.
   334 | D        | Found a bloodstained altar of Trog.
   335 | D        | Found a blossoming altar of Fedhas.
   335 | D        | Found a corrupted altar of Lugonu.
   335 | D        | Found a shimmering blue altar of Sif Muna.
   336 | D        | Found a white marble altar of Elyvilon.
   336 | D        | Found an ancient bone altar of Kikubaaqudgha.
   337 | D        | Found a shadowy altar of Dithmenos.
   337 | D        | Found a viscous altar of Jiyva.
   338 | D        | Found a snail-covered altar of Cheibriados.
   341 | D        | Noticed a polar bear
   342 | D        | Reached skill level 13 in Fire Magic
   342 | D        | Noticed a polar bear
   344 | D        | Found a shimmering altar of Xom.
   344 | D        | Found a sacrificial altar of Ru.
   344 | D        | Found a hazy altar of Hepliaklqana.
   344 | D        | Noticed a yaktaur
   344 | D        | Noticed a polar bear
   345 | D        | Found a glowing golden altar of the Shining One.
   345 | D        | Found an ornate altar of the Wu Jian Council.
   345 | D        | Found a stormy altar of Qazlal.
   353 | D        | Became a worshipper of Sif Muna the Loreminder
   355 | D        | Noticed a hornet
   356 | D        | Killed a polar bear
   356 | D        | Killed a hornet
   357 | D        | Reached skill level 1 in Hexes
   357 | D        | Reached XP level 9. HP: 34/51 MP: 17/21
   357 | D        | Killed a polar bear
   357 | D        | Reached * piety under Sif Muna
   358 | D        | Reached skill level 1 in Air Magic
   368 | D        | Killed a polar bear
   369 | D        | Reached skill level 5 in Conjurations
   388 | D        | Noticed a kraken
   466 | D        | Noticed a death drake
   481 | D        | HP: 2/76 [death drake/foul vapour (8)]
   482 | D        | Engulfed by a death drake's foul pestilence

Illustrated notes

Levels and vault maps discovered:
D:        the_violet_keep_of_menkaure [sprint2_stairs_cluster_1,
          sprint2_shoproom, sprint2_temple, sprint2_basic_supplies,
          sprint2_obstacle_5, sprint2_obstacle_3, sprint2_obstacle_2,
          sprint2_obstacle_7, sprint2_obstacle_6, sprint2_timed_cluster_1,
          sprint2_smallroom_cluster_1, sprint2_smallroom_final_cluster_1,
          sprint2_transparent_cluster_1, sprint2_second_timed_cluster_1,
          sprint2_sniper_area_1, sprint2_heavy_combat_area_1,
          sprint2_mutation_trap_area_1, sprint2_forest_area_1,
          sprint2_light_combat_area_1, sprint2_behind_water_1,
          sprint2_near_end_vault_1]

Skill      XL: |  1  2  3  4  5  6  7  8  9 |
---------------+----------------------------+-----
Dodging        | 4 5 6 |  6.6
Stealth        | 4 5 6 7 8 |  8.1
Spellcasting   | 4 5 6 7 8 9 |  9.4
Fire Magic     | 7 9 11 12 13 | 13.7
Unarmed Combat | 1 3 4 |  4.7
Conjurations   | 2 4 5 |  5.2
Translocations | 3 4 |  4.8
Hexes          | 1 2 |  2.1
Air Magic      | 1 |  1.2
Poison Magic   | |  0.8

Action                   |  1- 3 |  4- 6 |  7- 9 || total
-------------------------+-------+-------+-------++-------
Melee: Unarmed           |     7 |    14 |    16 ||    37
       Kick              |     2 |     8 |     8 ||    18
       Tentacles         |     2 |     3 |     7 ||    12
       Constrict         |     1 |     3 |     5 ||     9
 Cast: Scorch            |       |       |    13 ||    13
       Inner Flame       |       |       |     6 ||     6
       Foxfire           |       |       |    43 ||    43
       Mephitic Cloud    |       |       |     5 ||     5
       Conjure Flame     |       |       |     1 ||     1
       Flame Wave        |       |       |     1 ||     1
  Use: Potion            |     3 |       |     5 ||     8
 Stab: Sleeping          |       |       |     2 ||     2
Armor: Skin              |       |       |     5 ||     5
Dodge: Dodged            |       |     2 |    14 ||    16

Table legend: (Time is in decaauts)
 A = Elapsed time spent in this place.
 B = Non-inter-level travel time spent in this place.
 C = Inter-level travel time spent in this place.
 D = Time resting spent in this place.
 E = Time spent auto-exploring this place.
 F = Levels seen in this place.
 G = Mean time per level.
                   A        B        C        D        E       F      G
               +--------+--------+--------+--------+--------+-----+--------+
         Total |    476 |    476 |      0 |     12 |      0 |   1 |  476.0 |
       Dungeon |    476 |    476 |      0 |     12 |      0 |   1 |  476.0 |
               +--------+--------+--------+--------+--------+-----+--------+

Top non-repeatable levels by time:
       D: 476 daAuts
